 Dungeon Crawl Stone Soup version 0.16-a0-2278-gad6c6b8 (webtiles) character file.

11786 Leibowitz the Covert (level 12, -1/76 HPs)
             Began as a Kobold Gladiator on Nov 16, 2014.
             Was an Initiate of Gozag.
             Slain by a hellwing (13 damage)
             ... summoned by an orc sorcerer
             ... led by an orc knight
             ... while paralysed by an orc sorcerer
             ... on level 1 of the Orcish Mines.
             The game lasted 00:43:48 (12333 turns).

Leibowitz the Covert (Kobold Gladiator)            Turns: 12333, Time: 00:43:48

Health: -1/76      AC:  7    Str: 13    XL:     12   Next: 12%
Magic:  14/14      EV:  3    Int:  6    God:    Gozag
Gold:   346        SH:  0    Dex: 22    Spells: 0 memorised, 11 levels left

rFire  + + .     SeeInvis +     a - +8 short sword "Ghav" {venom, +Blink SInv}
rCold  + . .     Clarity  +     b - +0 leather armour
rNeg   . . .     SustAb   .     (no shield)
rPois  .         Gourm    .     c - +0 helmet
rElec  .         Spirit   .     s - +1 cloak
rCorr  .         Warding  .     I - +0 pair of gloves "Frur Hys" {rF++} (curse)
rMut   .         Stasis   .     (no boots)
MR     .....                    w - amulet of clarity
Stlth  ++++++....               C - ring of invisibility
                                p - ring of protection from cold

@: paralysed, about to teleport, heavily drained, not resistant to hostile
enchantments, very stealthy
A: carnivore 3
a: Potion Petition, Call Merchant, Bribe Branch, Renounce Religion, Evoke Blink,
Evoke Invisibility


You were on level 1 of the Orcish Mines.
You worshipped Gozag.
Gozag was noncommittal.
You were full.

You visited 3 branches of the dungeon, and saw 13 of its levels.
You also visited: Ice Cave.

You collected 1899 gold pieces.
You spent 564 gold pieces at shops.
You paid 989 gold pieces to Gozag.

Inventory:

Hand weapons
 a - the +8 short sword "Ghav" (weapon) {venom, +Blink SInv}
   (You found it on level 4 of the Dungeon)

   It poisons the flesh of those it strikes.
   It enhances your eyesight.
   It lets you blink.
 h - a +0 rapier of freezing
 u - a +2 dagger of venom
Missiles
 d - 8 throwing nets (quivered)
 y - 2 curare-tipped needles
Armour
 b - a +0 leather armour (worn)
 c - a +0 helmet (worn)
 s - a +1 cloak (worn)
 I - the cursed +0 pair of gloves "Frur Hys" (worn) {rF++}
   (You bought it in a shop on level 10 of the Dungeon)

   It greatly protects you from fire.
   It has a curse placed upon it.
Jewellery
 p - a ring of protection from cold (left hand)
 w - an amulet of clarity (around neck)
 A - an uncursed ring of teleport control
 C - a ring of invisibility (right hand)
Magical devices
 k - a wand of fire (1)
 D - a wand of fire (6)
 F - a wand of disintegration (3)
 G - a wand of frost (24)
 J - a wand of digging (12)
Scrolls
 g - a scroll of teleportation
 i - 8 scrolls of remove curse
 n - a scroll of magic mapping
 o - 4 scrolls of enchant armour
 q - 3 scrolls of fog
 r - 2 scrolls of enchant weapon
Potions
 e - 5 potions of curing
 j - 2 potions of confusion {unknown}
 m - a potion of haste {unknown}
 t - a potion of heal wounds
 x - 2 potions of invisibility {unknown}
 z - 3 potions of brilliance
 B - 2 potions of degeneration {unknown}
 E - 2 potions of restore abilities {unknown}
 H - 2 potions of lignification {unknown}
Comestibles
 f - 2 meat rations
 v - a royal jelly


   Skills:
 * Level 9.6(8.2) Fighting
 + Level 9.8(8.4) Short Blades
 - Level 2.6(1.5) Throwing
 + Level 4.0(2.8) Armour
 * Level 12.5(11.0) Dodging
 * Level 13.1(11.6) Stealth
 + Level 1.0(0.0) Evocations


You had 11 spell levels left.
You didn't know any spells.

Dungeon Overview and Level Annotations

Branches:
Dungeon (11/15)            Temple (1/1) D:4            Lair (0/8) D:11
    Orc (1/4) D:11

Altars:
Ashenzari
Cheibriados
Dithmenos
Elyvilon
Fedhas
Gozag
Kikubaaqudgha
Makhleb
Nemelex Xobeh
Okawaru
Qazlal
Ru
Sif Muna
Trog
Vehumet
Xom
Yredelemnul
Zin
The Shining One

Shops:
D:10 [?

Portals:
Trove: D:11 (give 2 potions of cure mutation)


Innate Abilities, Weirdness & Mutations

You are small and have problems with some larger weapons.
You are carnivorous and can eat meat at any time.


Message History

You hit the orc wizard.
The orc wizard looks even sicker.
The orc wizard is moderately wounded.
The orc wizard completely misses you.
You puncture the orc wizard!
The orc wizard is almost dead.
You kill the orc wizard!
The orc sorcerer gestures at you while chanting.
The bolt of negative energy hits you!
You feel drained.
The orc sorcerer points at you and mumbles some strange words.
You suddenly lose the ability to move!
The hellwing gestures at you.
You feel strangely unstable. The hellwing hits you. The hellwing hits you!
The orc sorcerer gestures at you while chanting.
Helpless, you fail to dodge the bolt of negative energy.
You feel drained.
* * * LOW HITPOINT WARNING * * *
The hellwing hits you!
You die...
Your body crumbles into a pile of gold.

##########
..#.....#..##.#
...............
...............#
.........$$.......
.......><$....... $
..#.#...$$$.......
$
......$............
........@.........
#......o4.........
................. $
................
...............
.............
...........
......... ...


You could see a hellwing and an orc sorcerer.

Vanquished Creatures
  Harold (D:11)
  The ghost of Kellhus the Destroyer, an experienced DgWz (D:9)
  Erolcha (D:10)
  An unseen horror (D:11)
  Pikel (D:8)
  A hill giant (D:10)
  An orc knight (D:11)
  A troll (D:11)
  2 blue devils
  A trapdoor spider zombie (D:8)
  A spriggan (D:11)
  A deep elf mage (D:11)
  9 yaks (D:11)
  2 hippogriffs
  4 ogres
  3 ice beasts
  A crocodile (D:11)
  An eye of draining (D:11)
  2 sky beasts
  5 orc warriors
  6 phantoms
  8 centaurs
  Blork the orc (D:7)
  2 wyvern zombies
  6 giant frogs
  3 scorpions
  A wyvern skeleton (D:10)
  12 killer bees
  2 giant frog zombies (D:9)
  2 crimson imps
  2 goliath beetles (D:9)
  A quasit (D:9)
  2 jellies (D:9)
  6 orc priests
  8 hounds
  An iguana (D:8)
  A centaur skeleton (D:4)
  3 giant frog skeletons
  7 orc wizards
  6 worker ants
  A killer bee zombie (D:8)
  A hound skeleton (D:4)
  2 worker ant zombies
  9 adders
  A gnoll (D:1)
  2 shadow imps (D:7)
  A giant mite (D:5)
  12 white imps (D:11)
  2 worms
  7 giant geckos
  3 oozes
  52 orcs
  6 giant cockroaches
  8 goblins
  13 hobgoblins
  4 jackals (D:2)
  11 kobolds
  5 quokkas
  13 bats
  8 giant newts
  14 rats
295 creatures vanquished.

Vanquished Creatures (others)
  A hippogriff (D:8)
  A slave (D:8)
  A centaur (D:8)
  An orc wizard (D:8)
  2 orcs (D:8)
  A hobgoblin (D:8)
  2 jackals (D:8)
  A bat (D:8)
10 creatures vanquished.

Grand Total: 305 creatures vanquished

Notes
Turn   | Place    | Note
--------------------------------------------------------------
     0 | D:1      | Leibowitz, the Kobold Gladiator, began the quest for the Orb.
     0 | D:1      | Reached XP level 1. HP: 12/12 MP: 1/1
   282 | D:1      | Reached XP level 2. HP: 16/18 MP: 2/2
   477 | D:1      | Reached XP level 3. HP: 22/22 MP: 3/3
   756 | D:1      | Reached skill level 1 in Stealth
  1372 | D:2      | Reached XP level 4. HP: 27/27 MP: 4/4
  1884 | D:3      | Reached XP level 5. HP: 32/32 MP: 5/5
  2444 | D:3      | Reached skill level 5 in Short Blades
  2444 | D:3      | Reached skill level 1 in Armour
  2444 | D:3      | Reached skill level 5 in Dodging
  2753 | D:4      | Got an iridescent short sword
  2754 | D:4      | Identified the +8 short sword "Ghav" {venom, +Blink SInv} (You found it on level 4 of the Dungeon)
  2765 | D:4      | Reached XP level 6. HP: 34/37 MP: 6/6
  3037 | D:4      | Found a staircase to the Ecumenical Temple.
  3083 | D:5      | Entered Level 5 of the Dungeon
  3090 | D:5      | Reached XP level 7. HP: 42/42 MP: 7/7
  3128 | D:5      | Reached skill level 5 in Stealth
  3149 | Temple   | Entered the Ecumenical Temple
  3381 | Temple   | Became a worshipper of Gozag Ym Sagoz the Greedy
  3821 | D:5      | Found a blossoming altar of Fedhas.
  3834 | D:5      | Found a burning altar of Makhleb.
  3834 | D:5      | Noticed a cacodemon
  3921 | D:5      | Reached skill level 6 in Stealth
  4116 | D:4      | Found a stormy altar of Qazlal.
  4248 | D:4      | Reached XP level 8. HP: 15/48 MP: 8/8
  4773 | D:4      | Reached skill level 7 in Stealth
  5050 | D:6      | Found a snail-covered altar of Cheibriados.
  5393 | D:6      | Found a burning altar of Makhleb.
  5400 | D:6      | Found a glowing silver altar of Zin.
  5400 | D:6      | Noticed an angel
  5400 | D:6      | Noticed a green death
  5649 | D:7      | Reached skill level 5 in Fighting
  5657 | D:7      | Reached skill level 8 in Stealth
  5885 | D:7      | Found a deep blue altar of Sif Muna.
  5982 | D:7      | Reached skill level 9 in Stealth
  5982 | D:7      | Reached XP level 9. HP: 52/54 MP: 9/9
  6311 | D:7      | Reached skill level 10 in Stealth
  6622 | D:7      | Noticed Blork the orc
  6636 | D:7      | Killed Blork the orc
  6684 | D:7      | Found a bloodstained altar of Trog.
  6773 | D:7      | Found a bloodstained altar of Trog.
  7267 | D:8      | Noticed Pikel
  7277 | D:8      | Killed Pikel
  7404 | D:8      | Reached XP level 10. HP: 35/61 MP: 10/10
  8230 | D:9      | Reached skill level 11 in Stealth
  8423 | D:9      | Noticed Kellhus' ghost (experienced DgWz)
  8510 | D:9      | Killed Kellhus' ghost
  8751 | D:9      | Reached skill level 10 in Dodging
  9230 | D:10     | Entered Level 10 of the Dungeon
  9230 | D:10     | Found Kithev's Magic Scroll Shoppe.
  9238 | D:10     | Bought a scroll of identify for 32 gold pieces
  9238 | D:10     | Bought a scroll of teleportation for 48 gold pieces
  9238 | D:10     | Bought a scroll of torment for 120 gold pieces
  9256 | D:10     | Got a crude spear
  9257 | D:10     | Identified the +6 spear "Beetlebane" {pierce, +Fly Str+3} (You found it on level 10 of the Dungeon)
  9342 | D:10     | Found Shanab's Armour Boutique.
  9431 | D:10     | Noticed Erolcha
  9436 | D:10     | Noticed a hill giant
  9454 | D:10     | Reached XP level 11. HP: 28/68 MP: 11/11
  9478 | D:10     | HP: 2/68 [hill giant/giant club (37)]
  9514 | D:10     | HP: 1/68 [ogre/giant club (24)]
  9967 | D:10     | Killed a hill giant
 10379 | D:10     | Killed Erolcha
 10383 | D:10     | Reached skill level 1 in Evocations
 10400 | D:10     | Bought the cursed +0 pair of gloves "Frur Hys" {rF++} for 364 gold pieces
 10491 | D:11     | Noticed Harold
 10501 | D:11     | Found a frozen archway.
 10512 | D:11     | Killed Harold
 10512 | D:11     | Reached skill level 12 in Stealth
 10740 | IceCv    | Entered an ice cave
 10766 | IceCv    | Noticed an ice statue
 10766 | IceCv    | Noticed an ice statue
 11007 | D:11     | Found a staircase to the Lair.
 11046 | D:11     | Found a staircase to the Orcish Mines.
 11497 | D:11     | Found a portal to a secret trove of treasure.
 11588 | Orc:1    | Entered Level 1 of the Orcish Mines
 11596 | Orc:1    | Noticed an orc knight
 11820 | D:11     | Noticed an unseen horror
 11830 | D:11     | Killed an unseen horror
 11830 | D:11     | Reached skill level 13 in Stealth
 11830 | D:11     | Reached XP level 12. HP: 48/76 MP: 14/14
 11968 | Orc:1    | Noticed an orc sorcerer
 12005 | D:11     | Killed an orc knight
 12331 | Orc:1    | Paralysed by an orc sorcerer for 3 turns
 12333 | Orc:1    | Slain by a hellwing

Action                   |  1- 3 |  4- 6 |  7- 9 | 10-12 || total
-------------------------+-------+-------+-------+-------++-------
Melee: Rapier            |    78 |       |       |       ||    78
       Dagger            |    14 |   100 |       |       ||   114
       Short sword       |       |    41 |   260 |   581 ||   882
Throw: Throwing net      |     3 |       |       |       ||     3
Invok: Call Merchant     |       |       |       |     1 ||     1
 Abil: Evoke Invisibilit |       |       |       |     5 ||     5
Evoke: Wand              |       |       |       |     3 ||     3
  Use: Scroll            |       |       |     9 |     6 ||    15
       Potion            |       |       |       |     7 ||     7
 Stab: Held in net/web   |     1 |       |       |       ||     1
       Sleeping          |       |    12 |    14 |    10 ||    36
       Invisible         |       |       |       |    11 ||    11
       Distracted        |       |       |       |     6 ||     6
  Eat: Chunk             |     9 |     6 |       |       ||    15
       Meat ration       |       |       |     1 |     3 ||     4
       Pizza             |       |       |       |     2 ||     2
